 Dungeon Crawl Stone Soup version 0.28-b1-25-g9875b3fc8c (console) character file.

Game seed: 524605629921920761

15 syban the Digger (level 2, 0/21 HPs)
             Began as a Palentonga Earth Elementalist on Jan 31, 2022.
             Succumbed to an adder's poison
             ... on level 2 of the Dungeon.
             The game lasted 00:01:11 (1531 turns).

syban the Digger (Palentonga Earth Elementalist)    Turns: 1531, Time: 00:01:12

Health: 0/21       AC:  4    Str: 11    XL:     2   Next: 34%
Magic:  3/5        EV: 10    Int: 15    God:
Gold:   52         SH:  0    Dex: 10    Spells: 4/5 levels left

rFire   . . .      SeeInvis +   g - +0 short sword
rCold   . . .      Faith    .   (no shield)
rNeg    . . .      Spirit   .   b - +0 robe
rPois   .          Reflect  .   (no helmet)
rElec   .          Harm     .   (no cloak)
rCorr   .          Rampage  .   (no gloves)
Will    .....                   (no barding)
Stlth   +.........              (no amulet)
HPRegen 0.07/turn               (no ring)
MPRegen 0.09/turn               (no ring)

@: mighty, brilliant, lethally poisoned (0 -> -3)
A: large, rugged brown scales 3, see invisible, deformed body, roll 1, armoured
tail
a: Rolling Charge


You were on level 2 of the Dungeon.
You visited 1 branch of the dungeon, and saw 2 of its levels.

You collected 52 gold pieces.

Inventory:

Hand Weapons
 g - a +0 short sword (weapon)
Missiles
 c - 84 stones
Armour
 a - a +0 tower shield
 b - a +0 robe (worn)
Scrolls
 d - 3 scrolls of identify {unknown}
Potions
 h - a potion of curing {unknown}


   Skills:
 * Level 0.6 Fighting
 * Level 0.4 Armour
 * Level 1.8 Dodging
 - Level 1.2 Stealth
 - Level 2.0 Spellcasting
 - Level 1.0 Transmutations
 + Level 3.0 Earth Magic


You had 4 spell levels left.
You knew the following spells:

 Your Spells              Type           Power      Damage    Failure   Level
a - Sandblast             Erth           32%        2d9       6%          1

Your spell library contained the following spells:

 Spells                   Type           Power      Damage    Failure   Level
 Passwall                 Tmut/Erth      9%         N/A       14%         2
 Stone Arrow              Conj/Erth      18%        3d8       34%         3
 Petrify                  Tmut/Erth      11%        N/A       67%         4


Dungeon Overview and Level Annotations

Branches:
Dungeon (2/15)

Altars:

Shops:
D:1 =


Innate Abilities, Weirdness & Mutations

You are completely covered in rugged brown scales. (AC +3, +7% HP)
You have supernaturally acute eyesight. (SInv)
Armour fits poorly on your strangely shaped body.
You can roll at nearby foes to attack.
You have a long armoured tail.


Message History

You miss the adder.
The adder is moderately wounded.
You feel sick. The adder bites you but does no damage.
The adder completely misses you.
You closely miss the adder.
Your tail-slap misses the adder.
The adder is moderately wounded.
You feel sick.
You are no longer poisoned.
The adder bites you.
* * * LOW HITPOINT WARNING * * *
You are lethally poisoned!
The adder poisons you!
Casting: Sandblast (safe; 6% risk of failure)
Confirm with . or Enter, or press ? or * to list all spells.
Aiming: Sandblast (safe; 6% risk of failure)
Press: ? - help, Shift-Dir - straight line, f - adder
Aim: an adder (moderately wounded, 66% to hit)
The blast of sand misses the adder.
* * * LOW HITPOINT WARNING * * *
You feel sick. The adder bites you but does no damage.
Unknown command.
Casting: Sandblast (safe; 6% risk of failure)
Confirm with . or Enter, or press ? or * to list all spells.
Aiming: Sandblast (safe; 6% risk of failure)
Press: ? - help, Shift-Dir - straight line, f/p - adder
Aim: an adder (moderately wounded, 66% to hit)
The blast of sand hits the adder!
The adder is almost dead.
* * * LOW HITPOINT WARNING * * *
You feel sick. The adder bites you.
* * * LOW HITPOINT WARNING * * *
The adder barely misses you.
It was a potion of might.
You feel very mighty all of a sudden.
* * * LOW HITPOINT WARNING * * *
You feel sick. The adder bites you but does no damage.
Unknown command.
It was a potion of brilliance.
You feel clever all of a sudden.
You die...

####.### #.......#
#.############.#
#.##......# .#
#####.##.####.# )####
............#.####....
####.###.##.#.##.....
#. #......##.#.# #.
####........# #.
######@#.# .. #..S.#
.. #..>.... ##
...###### #...# #...#
#...# #...#


You could see an adder.

Vanquished Creatures
  A dart slug (D:1)
  3 endoplasms
  2 hobgoblins (D:1)
  3 ball pythons (D:1)
  3 kobolds (D:1)
  A rat (D:1)
13 creatures vanquished.

Notes
Turn   | Place    | Note
-------+----------+-------------------------------------------
     0 | D:1      | syban the Palentonga Earth Elementalist began the quest for
                  | the Orb.
     0 | D:1      | Reached XP level 1. HP: 13/13 MP: 3/3
   933 | D:1      | Found Ululagg's Jewellery Shoppe.
   949 | D:1      | Reached skill level 3 in Earth Magic
   949 | D:1      | Reached XP level 2. HP: 17/21 MP: 5/5
  1530 | D:2      | HP: 1/21 [poisoned by an adder]
  1531 | D:2      | Succumbed to an adder's poison

Illustrated notes

Levels and vault maps discovered:
D:1:      nicolae_arrival_somewhat_less_tricky_arrival, layout_loops_corners,
          serial_shops, shop_fountains
D:2:      layout_loops_cross, nicolae_ecumenical_lake_church,
          kennysheep_another_room

Skill      XL: |  1 |
---------------+----+-----
Earth Magic    | 3 |  3.0
Fighting       | |  0.6
Armour         | |  0.4
Dodging        | |  1.8
Stealth        | |  1.2
Spellcasting   | |  2.0
Transmutations | |  1.0

Action                   || total
-------------------------++-------
Melee: Unarmed           ||    28
       Short sword       ||    28
       Tailslap          ||     6
 Cast: Sandblast         ||     4
  Use: Potion            ||     2
 Stab: Sleeping          ||     2
Armor: Robe              ||    22
Dodge: Dodged            ||    24
